 Dungeon Crawl Stone Soup version 0.29-a0-973-gac7da5f7f0 (webtiles) character file.

Game seed: 12711713861750277980

60 Sabo the Grave Robber (level 3, -3/24 HPs)
             Began as a Demonspawn Necromancer on July 31, 2022.
             Slain by a gnoll
             ... wielding a +0 spear
              (7 damage)
             ... on level 3 of the Dungeon.
             The game lasted 00:17:28 (2672 turns).

Sabo the Grave Robber (Demonspawn Necromancer)      Turns: 2672, Time: 00:17:29

Health: -3/24      AC:  3    Str: 14    XL:     3   Next: 82%
Magic:  1/6        EV: 12    Int: 18    God:
Gold:   75         SH:  0    Dex: 13    Spells: 3/7 levels left

rFire   . . .      SeeInvis .   h - +0 war axe
rCold   . . .      Faith    .   (no shield)
rNeg    . . .      Spirit   .   a - +0 robe
rPois   .          Reflect  .   (helmet restricted)
rElec   .          Harm     .   (no cloak)
rCorr   .          Rampage  .   c - +0 pair of gloves
Will    .....                   (no boots)
Stlth   ++........              (no amulet)
HPRegen 0.08/turn               e - +6 ring of strength
MPRegen 0.10/turn               (no ring)

@: no status effects
A: horns 1
a: no special abilities


You were on level 3 of the Dungeon.
You visited 1 branch of the dungeon, and saw 3 of its levels.

You collected 75 gold pieces.

Inventory:

Hand Weapons
 h - a +0 war axe (weapon)
Missiles
 i - 4 poisoned darts
 l - an atropa-tipped dart (quivered)
Armour
 a - a +0 robe (worn)
 c - a +0 pair of gloves (worn)
Jewellery
 e - a +6 ring of strength (left hand)
 f - a ring of fire
Scrolls
 g - a scroll of fear
 j - a scroll of enchant weapon
 k - a scroll of teleportation {unknown}
Potions
 b - 2 potions of magic
 d - a potion of brilliance
 n - a potion of flight {unknown}
 o - a potion of lignification {unknown}
 p - 2 potions of heal wounds {unknown}


   Skills:
 + Level 0.1 Axes
 + Level 2.1 Dodging
 + Level 1.9 Stealth
 + Level 2.5 Spellcasting
 + Level 5.3 Necromancy


You had 3 spell levels left.
You knew the following spells:

 Your Spells              Type           Power      Damage    Failure   Level
a - Necrotise             Necr           84%        1d8       1%          1
b - Vampiric Draining     Necr           21%        2d7       5%          3

Your spell library contained the following spells:

 Spells                   Type           Power      Damage    Failure   Level
 Animate Dead             Necr           21%        N/A       19%         4
 Agony                    Necr           21%        N/A       45%         5
 Blade Hands              Tmut           1%         N/A       99%         5
 Irradiate                Conj/Tmut      1%         3d12      99%         5
 Dragon Form              Tmut           1%         N/A       100%        7


Dungeon Overview and Level Annotations

Branches:
Dungeon (3/15)

Altars:

Shops:
D:2 (


Innate Abilities, Weirdness & Mutations

You have a pair of small horns on your head.


Message History

The jackal barely misses you.
The gnoll hits you from afar with a +0 spear.
The jackal closely misses you. The gnoll closely misses you.
You closely miss the jackal.
The jackal is almost dead.
The jackal misses you. The jackal barely misses you.
The gnoll hits you from afar with a +0 spear!
The jackal bites you but does no damage.
Throw: 3 darts (atropa)
Press: ? - help, Q - select action, (/) - cycle Shift-Dir - straight line, f/p - jackal
Aim: a jackal (thin mist, almost dead, 47% to hit, chance to blind on hit: 100%)
You throw an atropa-tipped dart.
The atropa-tipped dart closely misses the jackal.
The atropa-tipped dart hits the gnoll.
The gnoll appears confused.
The gnoll barely misses the jackal.
The jackal barely misses you.
Throw: 2 darts (atropa)
Press: ? - help, Q - select action, (/) - cycle Shift-Dir - straight line, f/p - jackal
Aim: a jackal (severely wounded, 47% to hit, chance to blind on hit: 100%)
You throw an atropa-tipped dart. The atropa-tipped dart hits the jackal.
The jackal appears confused.
The jackal is severely wounded.
The gnoll seems less confused.
You closely miss the gnoll. You hit the jackal.
You kill the jackal!
The gnoll is no longer blind.
The gnoll closely misses you.
You see here an atropa-tipped dart.
Casting: Necrotise (safe; 1% risk of failure)
Confirm with . or Enter, or press ? or * to list all spells.
Aiming: Necrotise (safe; 1% risk of failure)
Press: ? - help, Shift-Dir - straight line, f - gnoll
Aim: a gnoll, wielding a +0 spear (chance to affect: 85%)
The gnoll writhes in agony!
The gnoll hits you with a +0 spear!
* * * LOW HITPOINT WARNING * * *
You hit the gnoll but do no damage. You headbutt the gnoll.
The gnoll is severely wounded.
The gnoll barely misses you.
You closely miss the gnoll.
The gnoll is severely wounded.
The gnoll hits you with a +0 spear!
You die...

#.# .# #.###.#
#<#.... #)#.#.#
#.#.#.#
##########...#.#####
...................#
##.##..#..§..####.#
##.....@..§§........
.......(g>..§...##.#
###.##....##.##.# #.
#..#.##....# ..
!............. ≈
≈≈≈....≈≈≈≈≈≈≈≈≈≈
≈≈≈≈≈....≈≈≈≈≈≈≈≈≈≈
≈≈≈≈≈....≈≈≈≈≈≈≈≈≈≈
...................


You could see a gnoll.

Vanquished Creatures
  2 gnolls
  7 bats
  3 endoplasms
  5 goblins
  2 hobgoblins
  4 jackals (D:3)
  A kobold (D:2)
  2 quokkas (D:1)
  5 ball pythons
  2 frilled lizards
  5 rats
38 creatures vanquished.

Vanquished Creatures (collateral kills)
  A bat (D:1)
1 creature vanquished.

Vanquished Creatures (others)
  A plant (D:3)
1 creature vanquished.

Grand Total: 40 creatures vanquished

Notes
Turn   | Place    | Note
-------+----------+-------------------------------------------
     0 | D:1      | Sabo the Demonspawn Necromancer began the quest for the
                  | Orb.
     0 | D:1      | Reached XP level 1. HP: 13/13 MP: 3/3
   648 | D:1      | Gained mutation: You have a pair of small horns on your
                  | head. [demonic ancestry]
   648 | D:1      | Reached XP level 2. HP: 17/19 MP: 3/5
   677 | D:1      | Reached skill level 5 in Necromancy
  1355 | D:1      | Reached XP level 3. HP: 24/24 MP: 3/6
  1989 | D:2      | Found Xiqeg's Antique Weapon Boutique.
  2031 | D:2      | Learned a level 3 spell: Vampiric Draining
  2419 | D:3      | Found a faded altar of an unknown god.
  2672 | D:3      | Slain by a gnoll

Illustrated notes

Levels and vault maps discovered:
D:1:      amcnicky_arrival_abandoned_market, layout_loops_ring
D:2:      minmay_spotlight, layout_loops_cross, serial_shops, shop,
          eino_tiny_chamber
D:3:      lemuel_castle_with_subvaults [lemuel_castle_interior_carwin_3],
          layout_loops_ring, minitemple, ebering_ecumenical_altar_mist,
          uniq_terence, uniq_sigmund

Skill      XL: |  1  2  3 |
---------------+----------+-----
Necromancy     | 5 |  5.3
Dodging        | 2 |  2.1
Axes           | |  0.1
Stealth        | |  1.9
Spellcasting   | |  2.5

Action                   || total
-------------------------++-------
Melee: Hand axe          ||     5
       War axe           ||    20
       Headbutt          ||     3
Throw: Dart              ||     5
 Cast: Necrotise         ||    59
  Use: Scroll            ||     3
Armor: Robe              ||    19
Dodge: Dodged            ||    43

Table legend: (Time is in decaauts)
 A = Elapsed time spent in this place.
 B = Non-inter-level travel time spent in this place.
 C = Inter-level travel time spent in this place.
 D = Time resting spent in this place.
 E = Time spent auto-exploring this place.
 F = Levels seen in this place.
 G = Mean time per level.
                   A        B        C        D        E       F      G
               +--------+--------+--------+--------+--------+-----+--------+
         Total |   2681 |   2681 |      0 |    943 |      0 |   3 |  893.7 |
       Dungeon |   2681 |   2681 |      0 |    943 |      0 |   3 |  893.7 |
               +--------+--------+--------+--------+--------+-----+--------+

Top non-repeatable levels by time:
     D:1: 1521 daAuts
     D:2: 899 daAuts
     D:3: 260 daAuts
